 Dungeon Crawl Stone Soup version 0.26-a0-812-g31a745ddcd (webtiles) character file.

Game seed: 11619991669460139081

51 Lanoc the Poker (level 3, -3/31 HPs)
             Began as a Minotaur Warper on Nov 16, 2020.
             Killed by nerve-wracking pain
             ... invoked by Jessica
              (5 damage)
             ... on level 2 of the Dungeon.
             The game lasted 00:01:36 (1202 turns).

Lanoc the Poker (Minotaur Warper)                   Turns: 1202, Time: 00:01:37

Health: -3/31      AC:  3    Str: 15    XL:     3   Next: 57%
Magic:  0/4        EV: 12    Int: 10    God:
Gold:   88         SH:  0    Dex: 10    Spells: 2/4 levels left

rFire    . . .     SeeInvis .   a - +0 spear
rCold    . . .     Faith    .   (no shield)
rNeg     . . .     Spirit   +   b - +0 leather armour
rPois    .         Reflect  .   (helmet restricted)
rElec    .         Harm     .   (no cloak)
rCorr    .         Rampage  .   (no gloves)
MR       .....                  (no boots)
Stlth    +.........             l - amulet of guardian spirit
HPRegen  0.10/turn              (no ring)
MPRegen  0.09/turn              (no ring)

@: brilliant
A: retaliatory headbutt, horns 2
a: no special abilities


You were on level 2 of the Dungeon.
You visited 1 branch of the dungeon, and saw 2 of its levels.

You collected 88 gold pieces.

Inventory:

Hand Weapons
 a - a +0 spear (weapon)
Missiles
 e - 5 boomerangs of dispersal (quivered)
 i - 2 curare-tipped darts
Armour
 b - a +0 leather armour (worn)
Jewellery
 l - an amulet of guardian spirit (around neck)
Scrolls
 d - a scroll of blinking
 f - a scroll of fear {unknown}
 h - a scroll of remove curse {unknown}
 k - a scroll of teleportation {unknown}
 m - a scroll of amnesia {unknown}
 p - a scroll of fog {unknown}
Potions
 c - a potion of brilliance
 g - 2 potions of haste {unknown}
 j - a potion of berserk rage {unknown}
 n - a potion of heal wounds {unknown}
 o - a potion of attraction {unknown}


   Skills:
 + Level 3.1 Fighting
 * Level 3.8 Polearms
 - Level 1.0 Throwing
 - Level 1.2 Armour
 + Level 2.8 Dodging
 - Level 1.3 Spellcasting
 + Level 2.2 Translocations


You had 2 spell levels left.
You knew the following spells:

 Your Spells              Type           Power        Failure   Level
a - Blink                 Tloc           N/A          24%         2

Your spell library contained the following spells:

 Spells                   Type           Power        Failure   Level
 Gell's Gravitas          Tloc           #.........   43%         3
 Lesser Beckoning         Tloc           #.........   43%         3
 Teleport Other           Tloc           #.......     43%         3
 Passage of Golubria      Tloc           N/A          85%         4


Dungeon Overview and Level Annotations

Branches:
Dungeon (2/15)

Altars:
Nemelex Xobeh

Annotations:
D:2 Jessica


Innate Abilities, Weirdness & Mutations

You reflexively headbutt those who attack you in melee.
You have a pair of horns on your head.


Message History

Jessica is severely wounded.
Jessica gestures at you while chanting. You resist with some effort.
You barely miss Jessica.
Jessica is severely wounded.
Jessica hits you with a +0 club.
You hit Jessica but do no damage.
Jessica is severely wounded.
Jessica barely misses you. Jessica casts a spell at you.
Pain shoots through your body!
* * * LOW HITPOINT WARNING * * *
You closely miss Jessica.
Jessica is severely wounded.
Jessica misses you.
It was a potion of brilliance.
You feel clever all of a sudden. Jessica gestures at you while chanting.
Pain shoots through your body!
You die...

.####.#.#.# #...#
........#.# #...#
........#.# #...+
.†........######...###
.........##..@.'.....#
..........#.####...#...
.........<#.#<...#.#
.......##.#)####@# #
.......##.#.# #@#
#########...####.#
####### ##..)....#
....................§
...................##
###########..#######
##.# #.# #..


You could see Jessica (fast).

Vanquished Creatures
  An adder (D:2)
  An ooze (D:1)
  A worm (D:2)
  A leopard gecko (D:2)
  A giant cockroach (D:1)
  5 hobgoblins
  2 jackals (D:1)
  5 kobolds
  3 bats
  4 frilled lizards
  4 goblins
  7 rats
35 creatures vanquished.

Notes
Turn   | Place    | Note
-------+----------+-------------------------------------------
     0 | D:1      | Lanoc the Minotaur Warper began the quest for the Orb.
     0 | D:1      | Reached XP level 1. HP: 18/18 MP: 1/1
   251 | D:1      | Reached XP level 2. HP: 22/25 MP: 3/3
   846 | D:1      | Reached XP level 3. HP: 31/31 MP: 4/4
  1100 | D:2      | Found a sparkling altar of Nemelex Xobeh.
  1104 | D:2      | Learned a level 2 spell: Blink
  1153 | D:2      | Noticed Jessica
  1202 | D:2      | Killed from afar by Jessica

Illustrated notes

Levels and vault maps discovered:
D:1:      eino_arrival_cavern_d, layout_basic
D:2:      layout_basic, nemelex_xobeh_ov_fountains_minmay, uniq_jessica

Skill      XL: |  1  2 |
---------------+-------+-----
Polearms       | 3 |  3.8
Fighting       | 3 |  3.1
Throwing       | |  1.0
Armour         | |  1.2
Dodging        | |  2.8
Spellcasting   | |  1.3
Translocations | |  2.2

Action                   || total
-------------------------++-------
Melee: Spear             ||   108
       Headbutt          ||     9
  Use: Potion            ||     1
Armor: Leather armour    ||    12
Dodge: Dodged            ||    39

Table legend: (Time is in decaauts)
 A = Elapsed time spent in this place.
 B = Non-inter-level travel time spent in this place.
 C = Inter-level travel time spent in this place.
 D = Time resting spent in this place.
 E = Time spent auto-exploring this place.
 F = Levels seen in this place.
 G = Mean time per level.
                   A        B        C        D        E       F      G
               +--------+--------+--------+--------+--------+-----+--------+
         Total |   1194 |   1172 |     22 |      0 |    973 |   2 |  597.0 |
       Dungeon |   1194 |   1172 |     22 |      0 |    973 |   2 |  597.0 |
               +--------+--------+--------+--------+--------+-----+--------+

Top non-repeatable levels by time:
     D:1: 898 daAuts
     D:2: 295 daAuts
